 Dungeon Crawl Stone Soup version 0.28-a0-664-gc179e30c89 (webtiles) character file.

Game seed: 13634973262022331591

273 heikuro the Shield-Bearer (level 6, -2/49 HPs)
             Began as a Formicid Fighter on Oct 17, 2021.
             Slain by a river rat (6 damage)
             ... in a sewer.
             The game lasted 00:03:54 (2624 turns).

heikuro the Shield-Bearer (Formicid Fighter)        Turns: 2624, Time: 00:03:55

Health: -2/49      AC:  7    Str: 23    XL:     6   Next: 48%
Magic:  6/6        EV:  9    Int:  7    God:
Gold:   88         SH:  4    Dex: 10    Spells: 5/5 levels left

rFire   . . .      SeeInvis +   a - +0 war axe
rCold   . . .      Faith    .   c - +0 buckler
rNeg    . . .      Spirit   .   b - +0 scale mail
rPois   +          Reflect  .   (helmet unavailable)
rElec   .          Harm     .   (no cloak)
rCorr   .          Rampage  .   (no gloves)
Will    .....                   (no boots)
Stlth   ..........              (no amulet)
HPRegen 0.16/turn               l - ring of poison resistance
MPRegen 0.10/turn               (no ring)

@: no status effects
A: permanent stasis, dig shafts and tunnels, antennae 3, four strong arms
a: Dig


You were in a sewer.
You visited 1 branch of the dungeon, and saw 3 of its levels.
You also visited: Sewer.

You collected 88 gold pieces.

Inventory:

Hand Weapons
 a - a +0 war axe (weapon)
Missiles
 f - 16 sling bullets
 i - 55 poisoned darts (quivered)
Armour
 b - a +0 scale mail (worn)
 c - a +0 buckler (worn)
Jewellery
 l - a ring of poison resistance (left hand)
Scrolls
 g - a scroll of noise {unknown}
 h - a scroll of magic mapping {unknown}
 j - a scroll of amnesia {unknown}
 m - a scroll of blinking {unknown}
 o - a scroll of identify {unknown}
 t - 2 scrolls of teleportation {unknown}
Potions
 d - a potion of might
 e - 2 potions of resistance {unknown}
 k - 2 potions of brilliance {unknown}
 n - a potion of attraction {unknown}
 p - a potion of berserk rage {unknown}
 q - a potion of flight {unknown}
 r - a potion of lignification {unknown}
 s - a potion of curing {unknown}
 u - a potion of mutation {unknown}
 v - a potion of heal wounds {unknown}
 w - a potion of experience {unknown}


   Skills:
 + Level 4.4 Fighting
 * Level 4.2 Axes
 + Level 4.4 Armour
 + Level 4.9 Shields


You had 5 spell levels left.
You didn't know any spells.
Your spell library was empty.

Dungeon Overview and Level Annotations

Branches:
Dungeon (3/15)              Sewer (1/1)

Altars:


Innate Abilities, Weirdness & Mutations

You cannot be hasted, slowed, berserked, paralysed or teleported.
You can dig through walls and to a lower floor.
You have a pair of large antennae on your head. (SInv)
Your four strong arms can wield two-handed weapons with a shield.


Message History

The river rat is moderately wounded.
You slash the rat!
You kill the rat!
The river rat bites you!
* * * LOW HITPOINT WARNING * * *
Unknown command.
You barely miss the river rat.
The river rat is moderately wounded.
The river rat bites you.
* * * LOW HITPOINT WARNING * * *
Unknown command.
You closely miss the river rat.
The river rat is moderately wounded.
The river rat closely misses you. The river rat bites you.
* * * LOW HITPOINT WARNING * * *
Unknown command.
You barely miss the river rat.
The river rat is moderately wounded.
The river rat bites you but does no damage.
Unknown command.
You barely miss the river rat.
The river rat is moderately wounded.
The river rat bites you but does no damage.
Unknown command.
You closely miss the river rat.
The river rat is moderately wounded.
The river rat bites you.
* * * LOW HITPOINT WARNING * * *
You block the river rat's attack.
Unknown command.
You hit the river rat but do no damage.
The river rat is moderately wounded.
The river rat bites you but does no damage.
You barely miss the river rat.
The river rat is moderately wounded.
The river rat barely misses you.
You hit the river rat but do no damage.
The river rat is moderately wounded.
The river rat bites you.
You die...

### #### ##..# ##....
....####.....{ {..........# .
#.......## ...
......####........##...
≈≈##......##....r†........
≈≈≈≈≈...........@.........
≈≈≈≈≈≈≈≈≈≈...........≈≈≈≈≈≈≈≈≈≈≈≈
≈≈≈≈≈≈≈≈≈≈≈≈≈≈≈≈≈≈≈≈≈≈≈≈≈≈≈≈≈≈≈≈≈
≈≈≈≈≈≈≈≈≈≈≈≈≈≈≈≈†≈≈≈≈≈≈≈≈≈≈≈≈≈≈≈≈
≈≈≈≈≈≈≈≈≈≈≈≈.......≈≈≈≈≈≈≈≈≈≈≈≈≈≈
≈≈≈≈≈≈≈≈≈....†......≈≈≈≈≈≈≈≈≈≈≈≈≈
≈≈≈≈≈≈........................≈≈≈
.................................
..........................†......


You could see a river rat.

Vanquished Creatures
  A black bear (D:3)
  4 river rats (Sewer)
  5 adders
  2 worms (D:2)
  A dart slug (D:1)
  An orc (D:3)
  7 ball pythons
  3 bats
  7 endoplasms
  7 giant cockroaches
  8 goblins
  8 hobgoblins
  7 jackals
  2 quokkas (D:1)
  2 frilled lizards
  9 kobolds
  16 rats
90 creatures vanquished.

Notes
Turn   | Place    | Note
-------+----------+-------------------------------------------
     0 | D:1      | heikuro the Formicid Fighter began the quest for the Orb.
     0 | D:1      | Reached XP level 1. HP: 18/18 MP: 1/1
   126 | D:1      | Reached XP level 2. HP: 24/24 MP: 2/2
   382 | D:1      | Reached XP level 3. HP: 29/29 MP: 3/3
   396 | D:1      | Found a faded altar of an unknown god.
   783 | D:2      | Reached XP level 4. HP: 32/37 MP: 4/4
  1644 | D:2      | Reached XP level 5. HP: 42/42 MP: 5/5
  2153 | D:3      | Noticed a black bear
  2165 | D:3      | Killed a black bear
  2166 | D:3      | Reached XP level 6. HP: 22/48 MP: 6/6
  2205 | D:3      | Found a glowing drain.
  2229 | Sewer    | Entered a sewer
  2624 | Sewer    | Slain by a river rat

Illustrated notes

Levels and vault maps discovered:
D:1:      dpeg_arrival_stone_temple_mockup, layout_basic, basic_ecumenical_altar
D:2:      layout_basic, grunt_decor_arrowhead, minmay_tetromino_t2
D:3:      layout_loops_cross, gup_sewer_entry_glass
Sewer:    sewer_minmay_treatment

Skill      XL: |  1  2  3  4  5  6 |
---------------+-------------------+-----
Shields        | 4 |  4.9
Axes           | 3 4 |  4.2
Armour         | 4 |  4.4
Fighting       | 4 |  4.4

Action                   |  1- 3 |  4- 6 || total
-------------------------+-------+-------++-------
Melee: War axe           |    66 |   131 ||   197
 Abil: Dig               |     1 |       ||     1
Armor: Scale mail        |    31 |    51 ||    82
Dodge: Dodged            |    39 |    59 ||    98
Block: Buckler           |    14 |    27 ||    41

Table legend: (Time is in decaauts)
 A = Elapsed time spent in this place.
 B = Non-inter-level travel time spent in this place.
 C = Inter-level travel time spent in this place.
 D = Time resting spent in this place.
 E = Time spent auto-exploring this place.
 F = Levels seen in this place.
 G = Mean time per level.
                   A        B        C        D        E       F      G
               +--------+--------+--------+--------+--------+-----+--------+
         Total |   2692 |   2653 |     39 |    312 |   1565 |   4 |  673.0 |
       Dungeon |   2283 |   2244 |     39 |    136 |   1474 |   3 |  761.0 |
         Sewer |    409 |    409 |      0 |    176 |     91 |   1 |  409.0 |
               +--------+--------+--------+--------+--------+-----+--------+

Top non-repeatable levels by time:
     D:2: 1381 daAuts
     D:1: 795 daAuts
   Sewer: 409 daAuts
     D:3: 106 daAuts
